 Dungeon Crawl Stone Soup version 0.21-a0-372-gd0ff781 (webtiles) character file.

156 grizmgrazm2 the Cudgeler (level 5, -2/39 HPs)
             Began as a Demonspawn Gladiator on Oct 16, 2017.
             Slain by an orc wizard
             ... wielding a +1 dagger of venom
              (3 damage)
             ... on level 4 of the Dungeon.
             The game lasted 00:04:07 (2244 turns).

grizmgrazm2 the Cudgeler (Demonspawn Gladiator)     Turns: 2244, Time: 00:04:07

Health: -2/39      AC:  4    Str: 15    XL:     5   Next: 14%
Magic:  14/14      EV: 15    Int:  9    God:
Gold:   142        SH:  0    Dex: 15    Spells: 4/4 levels left

rFire    . . .     SeeInvis .   a - +0 flail
rCold    . . .     Gourm    .   (no shield)
rNeg     . . .     Faith    .   b - +0 leather armour
rPois    +         Spirit   .   c - +0 helmet
rElec    .         Reflect  .   (no cloak)
rCorr    .         Harm     .   (no gloves)
MR       .....                  (no boots)
Stlth    +.........             (no amulet)
HPRegen  0.13/turn              e - ring of poison resistance
MPRegen  0.14/turn              g - ring of magical power

@: no status effects
A: claws 1, repulsion field 1
a: no special abilities


You were on level 4 of the Dungeon.
You were not hungry.

You visited 1 branch of the dungeon, and saw 4 of its levels.

You collected 142 gold pieces.

Inventory:

Hand Weapons
 a - a +0 flail (weapon)
Missiles
 d - 3 throwing nets (quivered)
Armour
 b - a +0 leather armour (worn)
 c - a +0 helmet (worn)
 j - a +0 pair of boots
Jewellery
 e - a ring of poison resistance (left claw)
 g - a ring of magical power (right claw)
Scrolls
 i - a scroll of blinking {unknown}
Potions
 h - 2 potions of flight
 o - 3 potions of might {unknown}
 p - a potion of degeneration {unknown}
 r - a potion of brilliance {unknown}
Comestibles
 f - 3 bread rations
 l - a royal jelly
 m - 2 fruits


   Skills:
 + Level 2.5 Fighting
 + Level 4.1 Maces & Flails
 + Level 1.9 Throwing
 + Level 1.6 Armour
 + Level 3.4 Dodging


You had 4 spell levels left.
You didn't know any spells.

Dungeon Overview and Level Annotations

Branches:
Dungeon (4/15)
 Temple: D:4-7

Altars:


Innate Abilities, Weirdness & Mutations

You have sharp fingernails.
You are surrounded by a mild repulsion field. (EV +2)


Message History

You feel better.
A worker ant comes into view.
The worker ant twitches its antennae in your direction.
Found 16 arrows.
You thump the worker ant!
The worker ant is heavily wounded.
The worker ant bites you. The iguana closely misses you.
The worker ant closely misses you.
The orc priest mumbles some strange prayers to Beogh against you.
Beogh smites you!
* * * LOW HITPOINT WARNING * * *
You sock the worker ant!
You kill the worker ant!
You have reached level 5!
Your demonic ancestry asserts itself...
Your fingernails lengthen.
The iguana bites you.
* * * LOW HITPOINT WARNING * * *
Something hits you.
You die...

.......#
#......#
#......#
#......#
#......##
#......### ###
##Z.o.### ###..#
#l.##..o###.!..#
#@#####..o..####
#†## ####..####
#.. ###...###
#..# ###...# #.#
###.. .. ### #.
##. (# #.. #..


You could see an iguana, an orc priest and a howler monkey skeleton.

Vanquished Creatures
  An orc priest (D:3)
  Terence (D:3)
  A worker ant (D:4)
  3 adders
  An ooze (D:3)
  9 orcs (D:3)
  2 giant cockroaches
  6 goblins
  A hobgoblin (D:2)
  4 kobolds
  A quokka (D:4)
  3 bats
  2 frilled lizards (D:3)
  6 rats
41 creatures vanquished.

Notes
Turn   | Place    | Note
-------+----------+-------------------------------------------
     0 | D:1      | grizmgrazm2 the Demonspawn Gladiator began the quest for the Orb.
     0 | D:1      | Reached XP level 1. HP: 16/16 MP: 1/1
   116 | D:1      | Gained mutation: You are surrounded by a mild repulsion field. (EV +2) [demonic ancestry]
   116 | D:1      | Reached XP level 2. HP: 20/22 MP: 2/2
   591 | D:2      | Reached skill level 3 in Maces & Flails
  1118 | D:2      | Reached XP level 3. HP: 25/27 MP: 3/3
  1274 | D:3      | Reached skill level 1 in Armour
  1274 | D:3      | Reached XP level 4. HP: 13/33 MP: 4/4
  1428 | D:3      | Noticed Terence
  1436 | D:3      | Killed Terence
  1861 | D:3      | Reached skill level 4 in Maces & Flails
  2185 | D:4      | Noticed an ogre
  2244 | D:4      | Gained mutation: You have sharp fingernails. [demonic ancestry]
  2244 | D:4      | Reached XP level 5. HP: 4/39 MP: 5/5
  2244 | D:4      | HP: 1/39 [iguana (3)]
  2244 | D:4      | Slain by an orc wizard

Vault maps used:
D:1:      lightli_arrival_isolated_outpost
D:3:      first_bread, uniq_terence

Skill      XL: |  1  2  3  4 |
---------------+-------------+-----
Dodging        | 3 |  3.4
Maces & Flails | 3 4 |  4.1
Armour         | 1 |  1.6
Fighting       | |  2.5
Throwing       | |  1.9

Action                   |  1- 3 |  4- 6 || total
-------------------------+-------+-------++-------
Melee: Flail             |    76 |    66 ||   142
  Use: Scroll            |     2 |     6 ||     8
       Potion            |       |     2 ||     2
  Eat: Chunk             |     1 |       ||     1
       Bread ration      |       |     1 ||     1
Armor: Leather armour    |    20 |    12 ||    32
Dodge: Dodged            |    60 |    60 ||   120

Table legend:
 A = Spawn XP
 B = Non-spawn XP
 C = Spawn XP percentage of total XP
 D = Spawn monster count
 E = Non-spawn monster count
 F = Spawn count percentage of total count
 G = Total turns spent on level
                    A         B        C        D         E        F      G
               +---------+---------+-------+---------+---------+-------+---------
         Total |       0 |     223 |   0.0 |       0 |      41 |   0.0 |  2244
               +---------+---------+-------+---------+---------+-------+---------
           D:1 |       0 |      15 |   0.0 |       0 |      10 |   0.0 |   424
           D:2 |       0 |      41 |   0.0 |       0 |      11 |   0.0 |   778
           D:3 |       0 |     132 |   0.0 |       0 |      18 |   0.0 |   931
           D:4 |       0 |      35 |   0.0 |       0 |       2 |   0.0 |   111
               +---------+---------+-------+---------+---------+-------+---------
